 Dungeon Crawl Stone Soup version 0.31-a0-237-g2d982f9f85 (webtiles) character file.

Game seed: 13382738992718658403

8867 qw the Skirmisher (level 11, -9/97 HPs)
             Began as a Minotaur Hexslinger on July 11, 2023.
             Was an Elder of Okawaru.
             Mangled by Snorg (22 damage)
             ... on level 11 of the Dungeon.
             The game lasted 00:03:54 (9449 turns).

qw the Skirmisher (Minotaur Hexslinger)             Turns: 9449, Time: 00:03:55

Health: -9/97      AC: 16    Str: 12    XL:     11   Next: 15%
Magic:  13/14      EV: 16    Int: 10    God:    Okawaru [****..]
Gold:   1089       SH:  0    Dex: 18    Spells: 11/12 levels left

rFire   . . .        Y - +0 orcbow (freeze)
rCold   . . .        (shield currently unavailable)
rNeg    . . .        l - +0 swamp dragon scales
rPois   +            (helmet restricted)
rElec   .            r - +0 cloak
rCorr   .            b - +0 pair of gloves
SInv    .            h - +1 pair of boots
Will    .....        k - amulet of faith
Stlth   ++           (no ring)
HPRegen 0.36/turn    (no ring)
MPRegen 0.14/turn

%: faith
@: about to teleport, heroic
A: horns 2, retaliatory headbutt, fangs 1, hooves 1, MP-powered wands
a: Renounce Religion, Heroism, Finesse


You were on level 11 of the Dungeon.
You worshipped Okawaru.
Okawaru was greatly pleased with you.
You visited 2 branches of the dungeon, and saw 12 of its levels.

You collected 1672 gold pieces.
You spent 583 gold pieces at shops.


Innate Abilities, Weirdness & Mutations

You have a pair of horns on your head.
You reflexively headbutt those who attack you in melee.
You have very sharp teeth.
You have large cloven feet.
You expend magic power (3 MP) to strengthen your wands.


   Skills:
 - Level 9.1(14.1) Fighting
 - Level 14.0(19.0) Ranged Weapons
 - Level 6.0(11.0) Armour
 + Level 5.3(10.3) Dodging
 - Level 1.0 Spellcasting
 - Level 2.0 Hexes
 + Level 5.9 Invocations


You had 11 spell levels left.
You knew the following spells:

 Your Spells              Type           Power      Damage    Failure   Level
a - Slow                  Hex            16%        N/A       28%         1

Your spell library contained the following spells:

 Spells                   Type           Power      Damage    Failure   Level
 Inner Flame              Hex/Fire       2%         N/A       77%         3
 Portal Projectile        Hex/Tloc       4%         N/A       77%         3
 Cause Fear               Hex            2%         N/A       95%         4

Inventory:

Hand Weapons
 Y - a +0 orcbow of freezing (weapon)
Armour
 b - a +0 pair of gloves (worn)
 h - a +1 pair of boots (worn)
 l - +0 swamp dragon scales (worn)
 r - a +0 cloak (worn)
Jewellery
 k - an amulet of faith (around neck)
 p - an amulet of regeneration
Scrolls
 e - 3 scrolls of identify
Potions
 a - a potion of mutation
 c - a potion of berserk rage {unknown}
 d - a potion of magic
 f - 4 potions of haste
 g - a potion of might {unknown}
 i - a potion of cancellation
 j - 2 potions of curing
 m - a potion of invisibility {unknown}
 n - a potion of resistance {unknown}
 o - a potion of enlightenment {unknown}

Dungeon Overview and Level Annotations

Branches:
Dungeon (11/15)            Temple (1/1) D:7
   Lair: D:8-11         Orc: D:9-12

Altars:
Ashenzari
Cheibriados
Dithmenos
Elyvilon
Fedhas
Gozag
Hepliaklqana
Kikubaaqudgha
Makhleb
Nemelex Xobeh
Okawaru
Qazlal
Ru
Sif Muna
Trog
Uskayaw
Vehumet
Wu Jian
Xom
Yredelemnul
Zin
The Shining One
Lugonu

Shops:
D:6 *   D:8 [   D:9 =

Portals:
Abyss: D:4

Annotations:
D:3 1 runed translucent door, Crazy Yiuf
D:4 2 runed translucent doors
D:10 2 transporters, qw's ghost, novice MiHs
D:11 Snorg


Message History

You gain the combat prowess of a mighty hero.
You can no longer enter into single combat with a foe.
Okawaru will no longer gift you equipment.
You start resting.
Snorg is nearby!
You shoot an arrow. The arrow hits Snorg!
The arrow freezes Snorg.
Snorg is lightly wounded.
You shoot an arrow. The arrow hits Snorg.
The arrow freezes Snorg.
Snorg is lightly wounded.
Snorg bites you but does no damage. Snorg claws you but does no damage.
Snorg barely misses you.
You shoot an arrow. The arrow hits Snorg.
The arrow freezes Snorg.
Snorg is lightly wounded.
Snorg bites you. Snorg barely misses you. Snorg claws you but does no damage.
You shoot an arrow. The arrow hits Snorg!!
The arrow freezes Snorg!
Snorg is heavily wounded.
Snorg goes berserk!
You shoot an arrow. The arrow barely misses Snorg.
Snorg bites you. Snorg claws you but does no damage. x2
You shoot an arrow. The arrow hits Snorg!!
The arrow freezes Snorg!
Snorg is severely wounded.
Snorg barely misses you. You furiously retaliate!
You headbutt Snorg. Snorg closely misses you. Snorg barely misses you.
You shoot an arrow. The arrow hits Snorg!
The arrow freezes Snorg.
Snorg is almost dead.
Snorg bites you! Snorg claws you. Snorg claws you!
You shoot an arrow. The arrow hits Snorg.
The arrow freezes Snorg.
Snorg is almost dead.
Snorg bites you. Snorg barely misses you. Snorg claws you!
Snorg bites you but does no damage. Snorg claws you but does no damage. x2
You shoot an arrow. The arrow hits Snorg.
The arrow freezes Snorg.
Snorg is almost dead.
Snorg bites you!! Snorg misses you. Snorg barely misses you.
You shoot an arrow. The arrow closely misses Snorg.
Snorg misses you. Snorg claws you!! Snorg barely misses you.
9449 ||| READING scroll of teleportation.
As you read the scroll of teleportation, it crumbles to dust.
You feel strangely unstable. Snorg bites you!!
You die...

### ##.. #...
##+ ##.. #..
..#### #.. ..#
# #.. ..####
#.T#### #.##..
#..@..###
#.#...
+.......##
#.##..
#........##
#.####
#..###....###
#.#### ###
###....###.....
##....}.#.###
##.......#
###...### #####


You could see Snorg (berserk).

Vanquished Creatures
  6 two-headed ogres
  An unseen horror (D:10)
  Maggie (D:9)
  A hornet (D:8)
  Prince Ribbit (D:6)
  2 shadows
  A wyvern (D:8)
  A wraith (D:11)
  6 yaks (D:9)
  A water moccasin (D:9)
  2 orc warriors (D:11)
  3 ice beasts (D:6)
  3 centaurs
  A phantom (D:6)
  A bullfrog (D:8)
  5 gnoll sergeants
  A scorpion (D:5)
  5 wights (D:9)
  10 killer bees
  A howler monkey (D:4)
  3 hounds
  An orc priest (D:7)
  A gnoll bouda (D:8)
  2 jellies
  2 iguanas
  4 sleepcaps
  2 orc wizards
  Natasha (twice) (D:2)
  Robin (D:4)
  25 gnolls
  7 adders
  2 shadow imps (D:5)
  A white imp (D:7)
  2 worms (D:3)
  A dart slug (D:3)
  15 orcs
  5 endoplasms
  A giant cockroach (D:2)
  19 goblins
  11 hobgoblins
  3 jackals (D:2)
  3 quokkas
  8 ball pythons
  5 bats
  3 frilled lizards
  12 kobolds
  7 rats
  A spectral orc (D:8)
202 creatures vanquished.

Notes
Turn   | Place    | Note
-------+----------+-------------------------------------------
     0 | D:1      | qw the Minotaur Hexslinger began the quest for the Orb.
     0 | D:1      | Reached XP level 1. HP: 16/16 MP: 1/1
     0 | D:1      | 0 ||| qw: Version: 0.3-a-52-g30416fa
     0 | D:1      | 0 ||| qw: Game counter: 5699
     0 | D:1      | 0 ||| qw: Melee chars always use a shield: true
     0 | D:1      | 0 ||| qw: God list: Okawaru
     0 | D:1      | 0 ||| qw: Allow faded altars: false
     0 | D:1      | 0 ||| qw: Do Orc after clearing Dungeon:15 true
     0 | D:1      | 0 ||| qw: Do second Lair branch before Depths: true
     0 | D:1      | 0 ||| qw: Lair rune preference: random
     0 | D:1      | 0 ||| qw: Goals: Normal
     0 | D:1      | 0 ||| PLANNING D:1-11
    58 | D:1      | Found a faded altar of an unknown god.
   140 | D:1      | Reached skill level 3 in Ranged Weapons
   147 | D:1      | Reached XP level 2. HP: 23/23 MP: 2/2
   580 | D:1      | 580 ||| UPGRADING to +0 ring mail.
   590 | D:1      | 590 ||| DROPPING +0 robe.
   591 | D:1      | 591 ||| UPGRADING to +0 pair of boots.
   596 | D:1      | 596 ||| UPGRADING to +1 pair of boots.
   606 | D:1      | 606 ||| DROPPING +0 pair of boots.
   607 | D:1      | 607 ||| READING scroll labelled YTEYBLIBEWN.
   608 | D:1      | 608 ||| DRINKING 2 sedimented emerald potions.
   609 | D:1      | 609 ||| DROPPING scroll of poison.
   686 | D:2      | Reached XP level 3. HP: 29/29 MP: 3/3
   796 | D:2      | Noticed Natasha
   799 | D:2      | 799 ||| Stepping ~*~*~tactically~*~*~ (outnumbered).
   801 | D:2      | Killed Natasha
   802 | D:2      | Reached skill level 4 in Ranged Weapons
   865 | D:2      | Reached XP level 4. HP: 36/36 MP: 4/4
   932 | D:2      | Noticed Natasha
   939 | D:2      | 939 ||| Stepping ~*~*~tactically~*~*~ (outnumbered).
   942 | D:2      | 942 ||| Stepping ~*~*~tactically~*~*~ (outnumbered).
   945 | D:2      | Killed Natasha
  1456 | D:2      | 1456 ||| READING scroll labelled APOROWN WUHIFO.
  1457 | D:2      | 1457 ||| READING 2 scrolls labelled ANAIRU JIAR.
  1458 | D:2      | 1458 ||| READING scroll labelled QOHICHUPOO.
  1459 | D:2      | 1459 ||| DRINKING 3 metallic black potions.
  1468 | D:2      | 1468 ||| DROPPING 2 potions of ambrosia.
  1469 | D:2      | 1469 ||| DROPPING scroll of amnesia.
  1714 | D:3      | Reached skill level 5 in Ranged Weapons
  1789 | D:3      | Reached XP level 5. HP: 42/42 MP: 5/5
  2180 | D:3      | Found a runed translucent door.
  2181 | D:3      | Noticed Crazy Yiuf
  2351 | D:3      | 2351 ||| UPGRADING to +0 pair of gloves.
  2356 | D:3      | 2356 ||| READING scroll labelled HAMNYU APPU.
  2445 | D:3      | 2445 ||| DRINKING 2 sedimented green potions.
  2446 | D:3      | 2446 ||| READING 2 scrolls of identify.
  2446 | D:3      | 2446 ||| IDENTIFYING murky black potion
  2447 | D:3      | 2447 ||| DROPPING potion of magic.
  2645 | D:4      | Reached skill level 3 in Fighting
  2653 | D:4      | Noticed Robin
  2667 | D:4      | HP: 10/45 [Robin/+3 heavy falchion (9)]
  2672 | D:4      | Killed Robin
  2673 | D:4      | HP: 11/45 [orc/+0 club (1)]
  2717 | D:4      | 2717 ||| FLEEEEING.
  2719 | D:4      | 2719 ||| FLEEEEING.
  2723 | D:4      | 2723 ||| FLEEEEING.
  2724 | D:4      | 2724 ||| FLEEEEING.
  2725 | D:4      | 2725 ||| FLEEEEING.
  2727 | D:4      | 2727 ||| FLEEEEING.
  2728 | D:4      | 2728 ||| FLEEEEING.
  2730 | D:4      | 2730 ||| FLEEEEING.
  2731 | D:4      | 2731 ||| FLEEEEING.
  2734 | D:4      | 2734 ||| FLEEEEING.
  2735 | D:4      | 2735 ||| FLEEEEING.
  2738 | D:4      | 2738 ||| FLEEEEING.
  2739 | D:4      | 2739 ||| FLEEEEING.
  2878 | D:4      | Found a large runed translucent door.
  2878 | D:4      | Found a large runed translucent door.
  2935 | D:4      | HP: 11/45 [sleepcap (4)]
  2938 | D:4      | Reached XP level 6. HP: 14/51 MP: 6/6
  3156 | D:4      | Reached skill level 6 in Ranged Weapons
  3476 | D:4      | Found a corrupted altar of Lugonu.
  3511 | D:4      | Found a one-way gate to the infinite horrors of the Abyss.
  3569 | D:5      | Entered Level 5 of the Dungeon
  3573 | D:5      | 3573 ||| STAIRDANCE
  4016 | D:5      | Reached skill level 7 in Ranged Weapons
  4573 | D:5      | 4573 ||| UPGRADING to amulet of the acrobat.
  4578 | D:5      | 4578 ||| DRINKING 3 glowing dark potions.
  4617 | D:5      | 4617 ||| DROPPING 2 potions of lignification.
  4747 | D:6      | Noticed an ice beast
  4759 | D:6      | Killed an ice beast
  4760 | D:6      | Reached XP level 7. HP: 59/59 MP: 7/7
  4801 | D:6      | Reached skill level 8 in Ranged Weapons
  5018 | D:6      | Found a radiant altar of Vehumet.
  5062 | D:6      | Noticed Prince Ribbit
  5088 | D:6      | Killed Prince Ribbit
  5089 | D:6      | Reached skill level 6 in Fighting
  5195 | D:6      | Reached XP level 8. HP: 68/70 MP: 8/8
  5271 | D:6      | Reached skill level 9 in Ranged Weapons
  5466 | D:6      | 5466 ||| SWAPPING to +0 orcbow.
  5477 | D:6      | Reached skill level 3 in Dodging
  5477 | D:6      | 5477 ||| DROPPING +2 sling.
  5577 | D:6      | Found Ehysif's Overcharged Wands.
  5587 | D:6      | 5587 ||| SHOPLISTING wand of digging (11) (693 gold, have
                  | 378).
  5672 | D:6      | 5672 ||| UPGRADING to amulet of regeneration.
  5682 | D:6      | 5682 ||| DROPPING amulet of the acrobat.
  5683 | D:6      | 5683 ||| DROPPING ring of magical power.
  5684 | D:6      | 5684 ||| READING scroll labelled TAFAAS DISTO.
  5685 | D:6      | 5685 ||| READING scroll labelled CYBIBIL QULOCI.
  5686 | D:6      | 5686 ||| DRINKING 2 lumpy silvery potions.
  5687 | D:6      | 5687 ||| DROPPING potion of attraction.
  5786 | D:7      | 5786 ||| Stepping ~*~*~tactically~*~*~ (outnumbered).
  6020 | D:7      | Found a staircase to the Ecumenical Temple.
  6021 | D:7      | 6021 ||| PLANNING TEMPLE
  6021 | D:7      | 6021 ||| READING scroll labelled OMPORI KICKATH.
  6022 | D:7      | 6022 ||| DRINKING 2 puce potions.
  6032 | Temple   | Entered the Ecumenical Temple
  6040 | Temple   | 6040 ||| PLANNING OKAWARU WORSHIP
  6083 | Temple   | Became a worshipper of Warmaster Okawaru
  6084 | Temple   | 6084 ||| PLANNING D:1-11
  6166 | D:7      | Found a glowing golden altar of the Shining One.
  6359 | D:7      | 6359 ||| DRINKING 2 pink potions.
  6359 | D:7      | Gained mutation: You have very sharp teeth. [potion of
                  | mutation]
  6359 | D:7      | Gained mutation: You have large cloven feet. [potion of
                  | mutation]
  6359 | D:7      | Gained mutation: You expend magic power (3 MP) to
                  | strengthen your wands. [potion of mutation]
  6390 | D:8      | Found a basalt altar of Yredelemnul.
  6503 | D:8      | Found Wopistao's Armour Shoppe.
  6504 | D:8      | 6504 ||| Stepping ~*~*~tactically~*~*~ (outnumbered).
  6506 | D:8      | 6506 ||| Stepping ~*~*~tactically~*~*~ (outnumbered).
  6508 | D:8      | 6508 ||| Stepping ~*~*~tactically~*~*~ (outnumbered).
  6522 | D:8      | Reached skill level 10 in Ranged Weapons
  6547 | D:8      | 6547 ||| BUYING +0 cloak (63 gold).
  6547 | D:8      | Bought a +0 cloak for 63 gold pieces
  6547 | D:8      | 6547 ||| SHOPLISTING +1 pair of gloves of the Ditch-Digger
                  | {MP+9} (495 gold, have 447).
  6649 | D:8      | 6649 ||| FLEEEEING.
  6650 | D:8      | 6650 ||| FLEEEEING.
  6651 | D:8      | 6651 ||| FLEEEEING.
  6652 | D:8      | 6652 ||| FLEEEEING.
  6653 | D:8      | 6653 ||| FLEEEEING.
  6654 | D:8      | 6654 ||| FLEEEEING.
  6655 | D:8      | 6655 ||| FLEEEEING.
  6656 | D:8      | 6656 ||| FLEEEEING.
  6657 | D:8      | 6657 ||| FLEEEEING.
  6658 | D:8      | 6658 ||| FLEEEEING.
  6659 | D:8      | 6659 ||| FLEEEEING.
  6660 | D:8      | 6660 ||| FLEEEEING.
  6661 | D:8      | 6661 ||| FLEEEEING.
  6662 | D:8      | 6662 ||| FLEEEEING.
  6824 | D:8      | 6824 ||| Stepping ~*~*~tactically~*~*~ (outnumbered).
  6829 | D:8      | Reached * piety under Okawaru
  6830 | D:8      | Reached XP level 9. HP: 70/79 MP: 9/9
  6830 | D:8      | 6830 ||| FLEEEEING.
  7039 | D:8      | 7039 ||| UPGRADING to +0 cloak.
  7044 | D:8      | 7044 ||| READING scroll labelled ODWODO XUTSOEQ.
  7045 | D:8      | 7045 ||| READING scroll labelled QEIPOA NILOFUI.
  7046 | D:8      | 7046 ||| DRINKING 2 fizzy golden potions.
  7047 | D:8      | 7047 ||| DROPPING potion of degeneration.
  7099 | D:9      | 7099 ||| STAIRDANCE
  7099 | D:9      | Paralysed by a hornet for 1 turns
  7100 | D:9      | 7100 ||| STAIRDANCE
  7105 | D:8      | Reached skill level 1 in Invocations
  7209 | D:9      | 7209 ||| Stepping ~*~*~tactically~*~*~ (outnumbered).
  7211 | D:9      | 7211 ||| Stepping ~*~*~tactically~*~*~ (outnumbered).
  7213 | D:9      | 7213 ||| Stepping ~*~*~tactically~*~*~ (outnumbered).
  7215 | D:9      | 7215 ||| Stepping ~*~*~tactically~*~*~ (outnumbered).
  7227 | D:9      | 7227 ||| INVOKING Heroism.
  7332 | D:9      | 7332 ||| Stepping ~*~*~tactically~*~*~ (outnumbered).
  7341 | D:9      | 7341 ||| INVOKING Heroism.
  7353 | D:9      | 7353 ||| FLEEEEING.
  7359 | D:9      | 7359 ||| INVOKING Heroism.
  7462 | D:9      | 7462 ||| INVOKING Heroism.
  7464 | D:9      | Reached skill level 3 in Invocations
  7466 | D:9      | Reached skill level 11 in Ranged Weapons
  7474 | D:9      | Noticed a two-headed ogre
  7480 | D:9      | HP: 13/79 [wight/+4 flail (13)]
  7481 | D:9      | 7481 ||| READING scroll of teleportation.
  7481 | D:9      | HP: 6/77 [wight/+4 flail (1)]
  7597 | D:9      | Reached ** piety under Okawaru
  7727 | D:9      | Reached skill level 12 in Ranged Weapons
  7780 | D:9      | Found Qeum Dodgh's Jewellery Boutique.
  7784 | D:9      | 7784 ||| BUYING amulet of faith (520 gold).
  7784 | D:9      | Bought an amulet of faith for 520 gold pieces
  7784 | D:9      | 7784 ||| SHOPLISTING ring "Pocwuimu" {Fly rC- rN+++ MP+9
                  | Int+4} (855 gold, have 9).
  7784 | D:9      | 7784 ||| SHOPLISTING ring of ice (325 gold, have 9).
  7784 | D:9      | 7784 ||| SHOPLISTING ring of poison resistance (260 gold,
                  | have 9).
  7877 | D:9      | 7877 ||| INVOKING Heroism.
  7884 | D:9      | Killed a two-headed ogre
  7885 | D:9      | Reached XP level 10. HP: 72/90 MP: 9/12
  7959 | D:9      | Noticed Maggie
  7981 | D:9      | Killed Maggie
  8017 | D:9      | Reached *** piety under Okawaru
  8056 | D:9      | 8056 ||| UPGRADING to +0 swamp dragon scales.
  8066 | D:9      | 8066 ||| DROPPING +0 ring mail.
  8067 | D:9      | 8067 ||| UPGRADING to amulet of faith.
  8106 | D:10     | Entered Level 10 of the Dungeon
  8118 | D:10     | Noticed a two-headed ogre
  8119 | D:10     | 8119 ||| INVOKING Heroism.
  8122 | D:10     | Killed a two-headed ogre
  8127 | D:10     | Noticed a two-headed ogre
  8137 | D:10     | Killed a two-headed ogre
  8228 | D:10     | Noticed a two-headed ogre
  8229 | D:10     | 8229 ||| INVOKING Heroism.
  8236 | D:10     | Killed a two-headed ogre
  8236 | D:10     | Reached **** piety under Okawaru
  8237 | D:10     | Reached skill level 13 in Ranged Weapons
  8528 | D:10     | 8528 ||| Stepping randomly (disturbance).
  8587 | D:10     | Reached skill level 9 in Fighting
  8685 | D:10     | Noticed qw's ghost (novice MiHs)
  8686 | D:10     | Found a transporter.
  8691 | D:10     | Found a transporter.
  8905 | D:10     | Noticed a two-headed ogre
  8906 | D:10     | 8906 ||| INVOKING Heroism.
  8910 | D:10     | Reached skill level 6 in Armour
  8912 | D:10     | Killed a two-headed ogre
  8918 | D:10     | Reached XP level 11. HP: 97/97 MP: 11/13
  8927 | D:10     | Noticed a two-headed ogre
  8932 | D:10     | 8932 ||| INVOKING Heroism.
  8942 | D:10     | Killed a two-headed ogre
  8942 | D:10     | Reached ***** piety under Okawaru
  9192 | D:10     | 9192 ||| READING scroll labelled TARHAE UCLAXO.
  9192 | D:10     | Identified a scroll of acquirement
  9192 | D:10     | 9192 ||| ACQUIRING 1037 gold pieces
  9192 | D:10     | Acquired 1037 gold pieces
  9236 | D:11     | 9236 ||| INVOKING Heroism.
  9269 | D:11     | 9269 ||| INVOKING Heroism.
  9277 | D:11     | Received a gift from Okawaru
  9385 | D:11     | Reached skill level 14 in Ranged Weapons
  9436 | D:11     | Noticed Snorg
  9437 | D:11     | 9437 ||| INVOKING Heroism.
  9448 | D:11     | HP: 12/97 [Snorg (18)]
  9449 | D:11     | 9449 ||| READING scroll of teleportation.
  9449 | D:11     | Mangled by Snorg

Levels and vault maps discovered:
D:1:      dpeg_arrival_rooms_with_view, layout_rooms,
          hellmonk_ecumenical_altar_prayer_group, dreamdust_mushroom_princess,
          minmay_misc_feat_roman, st_stairs_5, minmay_split_cup_small
D:2:      minmay_alternating_diamond, layout_loops_ring, uniq_natasha
D:3:      layout_basic, uniq_crazy_yiuf_cottage
D:4:      due_chaos_kobolds, layout_basic, uniq_robin
D:5:      layout_loops_corners
D:6:      layout_cave_pods, nicolae_vehumet_radiance,
          minmay_misc_feat_more_columns, nicolae_shop_overcharged_wands,
          uniq_prince_ribbit1
D:7:      layout_loops_ring, mainiacjoe_overflow_tiny_flanked, temple_pool_b,
          nicolae_concentric_dashed_squares_mild
D:8:      layout_basic, yredelemnul_forgotten_temple_becter, serial_shops,
          nicolae_shop_getting_attention
D:9:      layout_loops_ring, serial_shops, nicolae_shop_just_a_little_nook,
          uniq_maggie
D:10:     layout_cave_pods, gammafunk_ghost_hive, nicolae_straight_to_the_point
D:11:     layout_roguey, dpeg_oklobed_lair, david_orc_4, serial_curves,
          eino_curves_03, eino_curves_03, eino_curves_03, eino_curves_02,
          portal_ice_cave_entry_ice_simulacra, uniq_snorg, uniq_amaemon,
          uniq_grum
Temple:   hellmonk_temple_of_storms

Skill      XL: |  1  2  3  4  5  6  7  8  9 10 11 |
---------------+----------------------------------+-----
Ranged Weapons | 3 4 5 7 8 10 12 13 14 | 14.0
Fighting       | 2 3 4 6 7 8 9 |  9.1
Armour         | 2 4 6 |  6.0
Dodging        | 3 4 5 |  5.3
Invocations    | 4 5 |  5.9
Spellcasting   | |  1.0
Hexes          | |  2.0

Action                     |  1- 3 |  4- 6 |  7- 9 | 10-12 || total
---------------------------+-------+-------+-------+-------++-------
   Fire: Sling             |   104 |   250 |    85 |       ||   439
         Orcbow            |       |       |   264 |   185 ||   449
 Invoke: Heroism           |       |       |     5 |     7 ||    12
    Use: Scroll            |     1 |     5 |     6 |     2 ||    14
         Potion            |     1 |     3 |     4 |       ||     8
 Armour: Ring mail         |    11 |    61 |    94 |     2 ||   168
         Robe              |     2 |       |       |       ||     2
         Swamp dragon scal |       |       |       |    60 ||    60
  Dodge: Dodged            |    24 |    88 |   142 |    48 ||   302

Table legend:
 A = Non-vault XP
 B = Vault XP
 C = Vault XP percentage of total XP
 D = Non-vault monster count
 E = Vault monster count
 F = Vault count percentage of total count
                 A         B        C        D         E       F
            +---------+---------+-------+---------+---------+-------
      Total |   11954 |     714 |   5.6 |     174 |      28 |  13.9
            +---------+---------+-------+---------+---------+-------
        D:1 |      15 |      14 |  48.3 |      10 |      10 |  50.0
        D:2 |     100 |      37 |  27.0 |      27 |       3 |  10.0
        D:3 |      46 |       0 |   0.0 |      16 |       0 |   0.0
        D:4 |     306 |      35 |  10.3 |      19 |      12 |  38.7
        D:5 |     156 |       0 |   0.0 |       5 |       0 |   0.0
        D:6 |     916 |     268 |  22.6 |      17 |       1 |   5.6
        D:7 |     176 |       0 |   0.0 |       7 |       0 |   0.0
        D:8 |    1117 |       1 |   0.1 |      21 |       1 |   4.5
        D:9 |    3538 |     359 |   9.2 |      30 |       1 |   3.2
       D:10 |    4867 |       0 |   0.0 |      11 |       0 |   0.0
       D:11 |     717 |       0 |   0.0 |      11 |       0 |   0.0
            +---------+---------+-------+---------+---------+-------
